 Dungeon Crawl Stone Soup version 0.22-a0-467-g5c5de1c (webtiles) character file.

3633 nikopol the Thaumaturge (level 9, -2/46 HPs)
             Began as a Deep Elf Fire Elementalist on June 10, 2018.
             Was a Believer of Vehumet.
             Slain by a wight
             ... wielding a cursed +3 halberd of freezing
              (5 damage)
             ... on level 9 of the Dungeon.
             The game lasted 00:39:32 (9254 turns).

nikopol the Thaumaturge (DEFE)                      Turns: 9254, Time: 00:39:34

Health: -2/46      AC:  5    Str:  5    XL:     9   Next: 87%
Magic:  16/25      EV: 14    Int: 24    God:    Vehumet [**....]
Gold:   122        SH:  0    Dex: 15    Spells: 11/29 levels left

rFire    + + .     SeeInvis +   B - staff of fire
rCold    x . .     Gourm    .   (no shield)
rNeg     . . .     Faith    .   a - +0 robe
rPois    .         Spirit   .   m - +1 helmet
rElec    .         Reflect  .   (no cloak)
rCorr    .         Harm     .   D - +0 pair of gloves
MR       .....                  (no boots)
Stlth    +++.......             (no amulet)
HPRegen  0.15/turn              E - ring of fire
MPRegen  0.19/turn              z - ring of see invisible

@: about to teleport, marked
A: no striking features
a: Renounce Religion


You were on level 9 of the Dungeon.
You worshipped Vehumet.
Vehumet was pleased with you.
You were hungry.

You visited 2 branches of the dungeon, and saw 10 of its levels.
You also visited: Ossuary.

You collected 320 gold pieces.
You spent 198 gold pieces at shops.

Inventory:

Armour
 a - a +0 robe (worn)
 k - a +0 helmet
 m - a +1 helmet (worn)
 D - a +0 pair of gloves (worn)
Magical Staves
 B - an uncursed staff of fire (weapon)
Jewellery
 o - an uncursed ring of stealth
 z - a ring of see invisible (right hand)
 E - a ring of fire (left hand)
 F - an uncursed ring of positive energy
Wands
 u - a wand of enslavement (26)
 v - a wand of digging (5)
Scrolls
 b - 2 scrolls of enchant armour {unknown}
 d - 3 scrolls of identify
 e - 4 scrolls of teleportation
 f - 3 scrolls of blinking {unknown}
 h - 4 scrolls of remove curse
 i - 7 scrolls of amnesia
 n - 3 scrolls of magic mapping {unknown}
 s - 3 scrolls of enchant weapon {unknown}
 t - a scroll of noise {unknown}
 w - a scroll of random uselessness {unknown}
 x - a scroll of immolation {unknown}
 y - a scroll of fog {unknown}
Potions
 g - 6 potions of curing
 j - 4 potions of lignification
 l - 2 potions of ambrosia
 p - a potion of flight {unknown}
 q - a potion of invisibility
 r - 3 potions of brilliance
 A - 2 potions of mutation
 C - 3 potions of heal wounds
Comestibles
 c - 16 rations


   Skills:
 + Level 0.5 Fighting
 + Level 4.1 Dodging
 + Level 5.1 Stealth
 + Level 10.5 Spellcasting
 + Level 8.3 Conjurations
 + Level 1.8 Hexes
 + Level 9.0 Fire Magic


You had 11 spell levels left.
You knew the following spells:

 Your Spells              Type           Power        Failure   Level  Hunger
a - Flame Tongue          Conj/Fire      #####        1%          1    None
b - Throw Flame           Conj/Fire      ######       1%          2    None
c - Conjure Flame         Conj/Fire      #######.     1%          3    None
d - Sticky Flame          Conj/Fire      #######.     1%          4    None
e - Fireball              Conj/Fire      #######...   3%          5    ####...
f - Dazzling Spray        Conj/Hex       #####.       1%          3    None

Your spell library contained the following spells:

 Spells                   Type           Power        Failure   Level  Hunger
 Confuse                  Hex            ###.....     7%          3    None
 Tukima's Dance           Hex            ###.....     7%          3    None
 Ensorcelled Hibernation  Hex/Ice        ###...       5%          2    None
 Corona                   Hex            ###....      2%          1    None
 Inner Flame              Hex/Fire       ######..     1%          3    None


Dungeon Overview and Level Annotations

Branches:
Dungeon (9/15)             Temple (1/1) D:6
   Lair: D:8-11         Orc: D:9-12

Altars:
Ashenzari
Elyvilon
Fedhas
Hepliaklqana
Kikubaaqudgha
Nemelex Xobeh
Okawaru
Qazlal
Sif Muna
Trog
Uskayaw
Vehumet
Xom
Yredelemnul
Zin

Shops:
D:4 }   D:7 !


Message History

Okay, then.
Casting: Sticky Flame (safe; 1% risk of failure)
Confirm with . or Enter, or press ? or * to list all spells.
Aiming: Sticky Flame (safe; 1% risk of failure)
Press: ? - help, Shift-Dir - straight line, f - wight, p - centaur
Aim: a wight, wielding a dagger of freezing and wearing a robe You feel a strong surge of power!
The sticky flame hits the wight.
The wight is moderately damaged.
The wight is covered in liquid flames!
The wight burns!
The centaur burns!
The centaur closely misses you.
A wight comes into view. It is wielding a halberd of freezing.
The wight hits you with a dagger of freezing.
The wight freezes you.
As you read the scroll labeled GUOD IKUTEM, it crumbles to dust.
You feel strangely unstable.
It was a scroll of teleportation.
The wight burns!
The centaur burns!
The centaur hits you!
The orc warrior hits you from afar with a trident!!
* * * LOW HITPOINT WARNING * * *
The wight hits you from afar with a halberd of freezing.
You die...

........# #.# #.##.#
........### #.# #.##.#
.#####....## #.# #.##.#
#.#.#.## #.# #.##.#
#..###.###.# #.##.# #.##
##.##.# #.##.# ##.###.###.#
#.##.#
.##########)#.####z#####.##.#
...........c.oo.@z..........#
###########...#c#############
##...........
...........#######
############


You could see an orc warrior, 2 centaurs, 2 wights and an orc wizard.

Vanquished Creatures
  A hippogriff (D:9)
  A wyvern (D:8)
  A steam dragon (D:7)
  Menkaure (Ossuary)
  Duvessa (D:6)
  2 orc warriors (D:6)
  2 ice beasts
  A phantom (D:8)
  2 ogres
  3 centaurs
  4 bullfrogs
  Dowan (D:6)
  A scorpion (D:6)
  5 howler monkeys
  3 crimson imps
  5 jellies
  3 orc priests
  A bullfrog skeleton (D:7)
  3 hounds
  17 orc wizards
  6 worker ants
  A hound zombie (D:8)
  3 mummies
  Robin (D:2)
  2 howler monkey skeletons
  9 adders
  3 gnolls (D:3)
  7 oozes
  2 adder skeletons (D:5)
  An adder zombie (D:6)
  8 worms
  2 dart slugs (D:1)
  11 leopard geckos
  55 orcs
  A ball python (D:3)
  11 bats
  7 giant cockroaches
  2 gnoll zombies (Ossuary)
  18 goblins
  7 hobgoblins
  11 jackals
  3 quokkas (D:6)
  3 frilled lizards
  A gnoll skeleton (Ossuary)
  2 goblin skeletons (Ossuary)
  A goblin zombie (Ossuary)
  6 hobgoblin skeletons (Ossuary)
  5 hobgoblin zombies (Ossuary)
  7 kobolds
  3 kobold skeletons (Ossuary)
  2 kobold zombies (Ossuary)
  A leopard gecko zombie (D:5)
  2 orc skeletons (Ossuary)
  2 orc zombies (Ossuary)
  A quokka skeleton (D:7)
  7 rats
  2 rat skeletons (Ossuary)
  A rat zombie (Ossuary)
275 creatures vanquished.

Vanquished Creatures (others)
  A mummy (Ossuary)
  2 gnoll skeletons (Ossuary)
  2 gnoll zombies (Ossuary)
  A goblin skeleton (Ossuary)
  2 goblin zombies (Ossuary)
  2 hobgoblin skeletons (Ossuary)
  A hobgoblin zombie (Ossuary)
  2 kobold skeletons (Ossuary)
  3 kobold zombies (Ossuary)
  2 orc skeletons (Ossuary)
  2 orc zombies (Ossuary)
  2 rat zombies (Ossuary)
  A plant (D:6)
23 creatures vanquished.

Grand Total: 298 creatures vanquished

Notes
Turn   | Place    | Note
-------+----------+-------------------------------------------
     0 | D:1      | nikopol the Deep Elf Fire Elementalist began the quest for the Orb.
     0 | D:1      | Reached XP level 1. HP: 10/10 MP: 6/6
   215 | D:1      | Reached XP level 2. HP: 15/15 MP: 6/8
   584 | D:1      | Reached XP level 3. HP: 19/19 MP: 6/10
   588 | D:1      | Learned a level 2 spell: Throw Flame
   592 | D:1      | Learned a level 3 spell: Conjure Flame
  1300 | D:2      | Noticed Robin
  1305 | D:2      | Reached XP level 4. HP: 21/24 MP: 3/11
  1394 | D:2      | Reached skill level 4 in Spellcasting
  1404 | D:2      | Killed Robin
  1968 | D:3      | Reached XP level 5. HP: 28/28 MP: 1/13
  1976 | D:3      | Learned a level 4 spell: Sticky Flame
  2558 | D:3      | Reached skill level 5 in Spellcasting
  2768 | D:4      | Found a sand-covered staircase.
  2793 | Ossuary  | Entered an ossuary
  3385 | Ossuary  | Noticed Menkaure
  3393 | Ossuary  | Killed Menkaure
  3393 | Ossuary  | Reached skill level 5 in Fire Magic
  3393 | Ossuary  | Reached XP level 6. HP: 33/33 MP: 9/16
  3566 | D:4      | Learned a level 5 spell: Fireball
  3659 | D:4      | Found a hazy altar of Hepliaklqana.
  3674 | D:4      | Reached skill level 6 in Spellcasting
  3763 | D:4      | Found Wuttodar's Gadget Shop.
  3916 | D:4      | Reached XP level 7. HP: 37/37 MP: 15/18
  3919 | D:4      | Noticed a water elemental
  3921 | D:4      | Found a stormy altar of Qazlal.
  3922 | D:4      | Noticed an air elemental
  3922 | D:4      | Noticed a fire elemental
  4165 | D:5      | Entered Level 5 of the Dungeon
  4940 | D:6      | Reached skill level 5 in Conjurations
  4950 | D:6      | Reached skill level 7 in Spellcasting
  4953 | D:6      | Found an ancient bone altar of Kikubaaqudgha.
  5032 | D:6      | Reached XP level 8. HP: 42/42 MP: 10/20
  5113 | D:6      | Noticed Duvessa
  5113 | D:6      | Noticed Dowan
  5128 | D:6      | Killed Duvessa
  5144 | D:6      | Killed Dowan
  5365 | D:5      | Learned a level 3 spell: Dazzling Spray
  5408 | D:6      | Found a staircase to the Ecumenical Temple.
  5426 | Temple   | Entered the Ecumenical Temple
  5446 | Temple   | Became a worshipper of Vehumet
  5469 | D:6      | Found a bloodstained altar of Trog.
  5472 | D:6      | Found a shimmering altar of Xom.
  5472 | D:6      | Found a sparkling altar of Nemelex Xobeh.
  5799 | D:6      | Reached skill level 8 in Spellcasting
  5952 | D:6      | Reached skill level 5 in Stealth
  6526 | D:6      | Reached * piety under Vehumet
  6526 | D:6      | Offered knowledge of Freeze by Vehumet.
  6573 | D:6      | Reached skill level 9 in Spellcasting
  6951 | D:7      | Found Xobumpom's Distillery.
  6954 | D:7      | Bought a potion of curing for 33 gold pieces
  6954 | D:7      | Bought a potion of heal wounds for 55 gold pieces
  6954 | D:7      | Bought a potion of heal wounds for 55 gold pieces
  6954 | D:7      | Bought a potion of heal wounds for 55 gold pieces
  6974 | D:7      | Reached XP level 9. HP: 46/46 MP: 10/24
  8108 | D:8      | Found a glowing silver altar of Zin.
  8137 | D:8      | Reached skill level 1 in Hexes
  8179 | D:8      | Reached ** piety under Vehumet
  8179 | D:8      | Offered knowledge of Sting by Vehumet.
  8247 | D:8      | Found an iron altar of Okawaru.
  8310 | D:8      | Found a stormy altar of Qazlal.
  8342 | D:8      | Reached skill level 10 in Spellcasting
  8776 | D:8      | Offered knowledge of Throw Frost by Vehumet.
  9254 | D:9      | Slain by a wight

Vault maps used:
D:1:      roderic_octagonal_star
D:2:      uniq_robin
D:3:      first_ration
D:4:      lemuel_doored_altar, serial_shops, nicolae_shop_trees,
          gup_ossuary_entry_pyramid, nicolae_qazlal_style_of_elements
D:5:      kennysheep_generic_room_11
D:6:      kennysheep_mini_moat, gammafunk_temple_overflow_forgotten,
          minmay_temple_entry_trees, uniq_duvessa
D:7:      serial_shops, kennysheep_mini
D:8:      zin_statuary, okawaru_metal_pillars_3, nicolae_overflow_hidden_temple,
          hangedman_little_slice_of_home
D:9:      minmay_statue_hallways
Temple:   eino_temple_water
Ossuary:  ossuary_due_pyramid

Skill      XL: |  1  2  3  4  5  6  7  8  9 |
---------------+----------------------------+-----
Stealth        | 3 4 5 |  5.1
Fire Magic     | 4 5 6 7 9 |  9.0
Spellcasting   | 4 5 6 7 9 10 | 10.5
Conjurations   | 2 3 4 5 6 8 |  8.3
Dodging        | 3 4 |  4.1
Hexes          | 1 |  1.8
Fighting       | |  0.5

Action                   |  1- 3 |  4- 6 |  7- 9 || total
-------------------------+-------+-------+-------++-------
Melee: Unarmed           |       |     1 |       ||     1
 Cast: Flame Tongue      |    81 |   157 |   282 ||   520
       Conjure Flame     |     1 |     2 |     6 ||     9
       Throw Flame       |       |     9 |     8 ||    17
       Sticky Flame      |       |     3 |    17 ||    20
       Fireball          |       |       |    10 ||    10
       Dazzling Spray    |       |       |     6 ||     6
  Use: Scroll            |       |     1 |     8 ||     9
  Eat: Chunk             |     1 |     5 |    18 ||    24
       Ration            |       |     1 |       ||     1
Armor: Robe              |     8 |     4 |     8 ||    20
Dodge: Dodged            |    22 |    18 |    56 ||    96

Table legend:
 A = Spawn XP
 B = Non-spawn XP
 C = Spawn XP percentage of total XP
 D = Spawn monster count
 E = Non-spawn monster count
 F = Spawn count percentage of total count
 G = Total turns spent on level
                    A         B        C        D         E        F      G
               +---------+---------+-------+---------+---------+-------+---------
         Total |       0 |    5190 |   0.0 |       0 |     271 |   0.0 |  9254
               +---------+---------+-------+---------+---------+-------+---------
           D:1 |       0 |      52 |   0.0 |       0 |      22 |   0.0 |   833
           D:2 |       0 |      86 |   0.0 |       0 |      35 |   0.0 |   936
           D:3 |       0 |     186 |   0.0 |       0 |      37 |   0.0 |   975
           D:4 |       0 |     322 |   0.0 |       0 |      13 |   0.0 |   691
           D:5 |       0 |     381 |   0.0 |       0 |      22 |   0.0 |   918
           D:6 |       0 |    1509 |   0.0 |       0 |      51 |   0.0 |  1789
           D:7 |       0 |     721 |   0.0 |       0 |      19 |   0.0 |  1003
           D:8 |       0 |    1206 |   0.0 |       0 |      39 |   0.0 |  1011
           D:9 |       0 |     523 |   0.0 |       0 |       5 |   0.0 |   330
       Ossuary |       0 |     204 |   0.0 |       0 |      28 |   0.0 |   730
               +---------+---------+-------+---------+---------+-------+---------
